 Dungeon Crawl Stone Soup version 0.27-a0-148-g9515ab555c (webtiles) character file.

Game seed: 8009567163528397562

74 knot the Chopper (level 4, 31/35 HPs)
             Began as a Demonspawn Berserker on Jan 26, 2021.
             Was a Believer of Trog.
             Quit the game on level 2 of the Dungeon.
             The game lasted 00:01:13 (1853 turns).

knot the Chopper (Demonspawn Berserker)             Turns: 1853, Time: 00:01:14

Health: 31/35      AC:  2    Str: 24    XL:     4   Next: 10%
Magic:  4/4        EV: 12    Int:  9    God:    Trog [**....]
Gold:   93         SH:  0    Dex: 12    Spells: 3/3 levels left

rFire    . . .     SeeInvis .   a - +0 hand axe
rCold    . . .     Faith    .   (no shield)
rNeg     . . .     Spirit   .   b - +0 animal skin
rPois    .         Reflect  .   (helmet restricted)
rElec    .         Harm     .   (no cloak)
rCorr    .         Rampage  .   (no gloves)
Will     .....                  (no boots)
Stlth    +.........             (no amulet)
HPRegen  0.11/turn              f - ring of flight
MPRegen  0.09/turn              h - +6 ring of strength

@: no status effects
A: horns 2, foul stench 1
a: Renounce Religion, Evoke Flight, Berserk, Trog's Hand


You were on level 2 of the Dungeon.
You worshipped Trog.
Trog was pleased with you.
You visited 1 branch of the dungeon, and saw 2 of its levels.

You collected 93 gold pieces.

Inventory:

Hand Weapons
 a - a +0 hand axe (weapon)
Missiles
 d - 21 stones
 o - 50 sling bullets
Armour
 b - a +0 animal skin (worn)
Jewellery
 f - a ring of flight (left hand)
 h - a +6 ring of strength (right hand)
Wands
 p - a wand of enslavement (7)
Scrolls
 c - a scroll of identify {unknown}
 g - a scroll of enchant weapon {unknown}
 j - a scroll of magic mapping {unknown}
 n - 2 scrolls of enchant armour {unknown}
 q - a scroll of remove curse {unknown}
Potions
 e - 2 potions of curing {unknown}
 i - a potion of berserk rage {unknown}
 k - a potion of invisibility {unknown}
 l - 2 potions of degeneration {unknown}
 m - a potion of magic {unknown}


   Skills:
 - Level 3.0 Fighting
 + Level 4.5 Axes
 - Level 1.7 Armour
 - Level 1.7 Dodging


You had 3 spell levels left.
You didn't know any spells.
Your spell library was empty.

Dungeon Overview and Level Annotations

Branches:
Dungeon (2/15)

Altars:
Elyvilon


Innate Abilities, Weirdness & Mutations

You have a pair of horns on your head.
You may rarely emit foul miasma when damaged in melee.


Message History

The adder barely misses you. The adder bites you.
You closely miss the adder.
The adder is severely wounded.
The adder closely misses you.
You closely miss the adder. Your headbutt misses the adder.
The adder is severely wounded.
The adder barely misses you.
You barely miss the adder. You headbutt the adder.
You kill the adder!
Trog accepts your kill.
You have reached level 4!
You feel stronger.
Your demonic ancestry asserts itself...
You begin to emit a foul stench of rot and decay.
Unknown command.
Are you sure you want to abandon this character and quit the game? (Confirm with "yes".)
Okay, then.
Unknown command.
Unknown command.
Unknown command.
Are you sure you want to abandon this character and quit the game? (Confirm with "yes".)

........##.........).
....... #...........
####### #........†..
....... #...........
....... #...........
....... #...........
....... #.......##..
.......### #.......##..
.......@.####.......##..
....................##..
.$............##########
.......#......# .
.......#......# ..
####...#......# ..
#...#......# ..
#...#......# ## #......#


There were no monsters in sight!

Vanquished Creatures
  4 adders (D:2)
  2 dart slugs
  8 bats
  2 giant cockroaches (D:1)
  9 hobgoblins
  3 kobolds
  2 frilled lizards
  4 rats
34 creatures vanquished.

Notes
Turn   | Place    | Note
-------+----------+-------------------------------------------
     0 | D:1      | knot the Demonspawn Berserker began the quest for the Orb.
     0 | D:1      | Reached XP level 1. HP: 18/18 MP: 1/1
    73 | D:1      | Reached skill level 3 in Axes
   430 | D:1      | Gained mutation: You have a pair of small horns on your
                  | head. [demonic ancestry]
   430 | D:1      | Reached XP level 2. HP: 21/24 MP: 2/2
  1322 | D:2      | Found a white marble altar of Elyvilon.
  1416 | D:2      | Gained mutation: You have a pair of horns on your head.
                  | [demonic ancestry]
  1416 | D:2      | Reached XP level 3. HP: 27/29 MP: 3/3
  1611 | D:2      | Reached skill level 4 in Axes
  1717 | D:2      | Reached ** piety under Trog
  1853 | D:2      | Gained mutation: You may rarely emit foul miasma when
                  | damaged in melee. [demonic ancestry]
  1853 | D:2      | Reached XP level 4. HP: 31/35 MP: 4/4
  1853 | D:2      | Quit the game

Illustrated notes

Levels and vault maps discovered:
D:1:      dpeg_arrival_simpleton_c, layout_loops_corners
D:2:      layout_basic, lemuel_crystal_altar

Skill      XL: |  1  2  3 |
---------------+----------+-----
Axes           | 3 4 |  4.5
Fighting       | |  3.0
Armour         | |  1.7
Dodging        | |  1.7

Action                   |  1- 3 |  4- 6 || total
-------------------------+-------+-------++-------
Melee: Hand axe          |    88 |       ||    88
       Headbutt          |    12 |       ||    12
 Stab: Sleeping          |     1 |       ||     1
Armor: Animal skin       |    20 |       ||    20
Dodge: Dodged            |    65 |       ||    65

Table legend: (Time is in decaauts)
 A = Elapsed time spent in this place.
 B = Non-inter-level travel time spent in this place.
 C = Inter-level travel time spent in this place.
 D = Time resting spent in this place.
 E = Time spent auto-exploring this place.
 F = Levels seen in this place.
 G = Mean time per level.
                   A        B        C        D        E       F      G
               +--------+--------+--------+--------+--------+-----+--------+
         Total |   1862 |   1828 |     34 |      0 |   1622 |   2 |  931.0 |
       Dungeon |   1862 |   1828 |     34 |      0 |   1622 |   2 |  931.0 |
               +--------+--------+--------+--------+--------+-----+--------+

Top non-repeatable levels by time:
     D:1: 1276 daAuts
     D:2: 586 daAuts
